 Dungeon Crawl Stone Soup version 0.30-a0-1075-gcd70e7a56d (webtiles) character file.

Game seed: 2544744555788197492

28 holysushi the Conjurer (level 3, 24/24 HPs)
             Began as a Demonspawn Conjurer on Apr 15, 2023.
             Quit the game on level 1 of the Dungeon.
             The game lasted 00:02:17 (711 turns).

holysushi the Conjurer (Demonspawn Conjurer)         Turns: 711, Time: 00:02:17

Health: 24/24      AC:  2    Str:  7    XL:     3   Next: 0%
Magic:  5/7        EV: 12    Int: 21    God:
Gold:   52         SH:  0    Dex: 11    Spells: 7/8 levels left

rFire   . . .      SeeInvis .    (no weapon)
rCold   . . .      Faith    .    (no shield)
rNeg    . . .      Spirit   .    a - +0 robe
rPois   .          Reflect  .    (no helmet)
rElec   .          Rampage  .    (no cloak)
rCorr   .                        (no gloves)
Will    .....                    (no boots)
Stlth   ++                       (no amulet)
HPRegen 0.24/turn                (no ring)
MPRegen 0.10/turn                (no ring)

@: no status effects
A: foul stench 1, spiny 1
a: no special abilities


You were on level 1 of the Dungeon.
You visited 1 branch of the dungeon, and saw 1 of its levels.

You collected 52 gold pieces.

Inventory:

Armour
 a - a +0 robe (worn)
Scrolls
 c - a scroll of enchant armour {unknown}
 d - 2 scrolls of identify {unknown}
 e - a scroll of amnesia {unknown}
 f - a scroll of vulnerability {unknown}
 g - a scroll of immolation {unknown}
 h - a scroll of enchant weapon {unknown}
Potions
 b - a potion of magic
 i - a potion of mutation {unknown}


   Skills:
 - Level 1.7 Dodging
 - Level 1.7 Stealth
 + Level 3.3 Spellcasting
 - Level 4.0 Conjurations


You had 7 spell levels left.
You knew the following spells:

 Your Spells              Type           Power      Damage    Failure   Level
a - Magic Dart            Conj           80%        1d7       2%          1

Your spell library contained the following spells:

 Spells                   Type           Power      Damage    Failure   Level
 Searing Ray              Conj           40%        2d5       3%          2
 Beastly Appendage        Tmut           6%         N/A       13%         1
 Dazzling Flash           Conj/Hex       22%        N/A       17%         3
 Wereblood                Tmut           3%         N/A       19%         2
 Spider Form              Tmut/Pois      3%         N/A       36%         3
 Fulminant Prism          Conj/Hex       5%         3d7       50%         4
 Iskenderun's Mystic Bla  Conj/Tloc      11%        2d4       50%         4


Dungeon Overview and Level Annotations

Branches:
Dungeon (1/15) Zot: 5289

Altars:


Innate Abilities, Weirdness & Mutations

You may rarely emit foul miasma when damaged in melee.
You are partially covered in sharp spines.


Message History

Confirm with . or Enter, or press ? or * to list all spells.
Aiming: Magic Dart (safe; 3% risk of failure)
Press: ? - help, Shift-Dir - straight line, f/p - giant cockroach
Aim: a giant cockroach (severely wounded, 100% to hit)
The magic dart hits the giant cockroach but does no damage.
The giant cockroach is severely wounded.
Unknown command.
A giant cockroach is nearby!
A giant cockroach is nearby!
A giant cockroach is nearby!
Casting: Magic Dart (safe; 3% risk of failure)
Confirm with . or Enter, or press ? or * to list all spells.
Aiming: Magic Dart (safe; 3% risk of failure)
Press: ? - help, Shift-Dir - straight line, f/p - giant cockroach
Aim: a giant cockroach (severely wounded, 100% to hit)
The magic dart hits the giant cockroach.
You kill the giant cockroach!
Unknown command.
i - a smoky dark potion You now have 52 gold pieces (gained 11).
A rat comes into view.
Found a stone staircase leading down.
A rat is nearby!
A rat is nearby!
A rat is nearby!
Casting: Magic Dart (safe; 3% risk of failure)
Confirm with . or Enter, or press ? or * to list all spells.
Aiming: Magic Dart (safe; 3% risk of failure)
Press: ? - help, Shift-Dir - straight line, f - rat
Aim: a rat (100% to hit)
The magic dart hits the rat.
You kill the rat!
You have reached level 3!
Your experience leads to an increase in your attributes!
Increase (S)trength, (I)ntelligence, or (D)exterity?
You feel clever. x2; Your demonic ancestry asserts itself...
Sharp spines emerge from parts of your body.
Memorise Searing Ray, consuming 2 spell levels and leaving 5?
Okay, then.
Are you sure you want to abandon this character and quit the game? (Confirm with "yes".)

#.............#.#†#
#.............#.#.#
#########......#...#.#.#
....... #......#††.#.#.#
....... #......#.....#.#
.......##......#.#.#..
...............#.#.#.##
............##.#.#.# #
.......@....# .#.#.#
.....$......# #
>...........#
.......###### .......
....... ######. #.


There were no monsters in sight!

Vanquished Creatures
  4 ball pythons (D:1)
  An endoplasm (D:1)
  A giant cockroach (D:1)
  4 goblins (D:1)
  4 hobgoblins (D:1)
  2 frilled lizards (D:1)
  4 kobolds (D:1)
  5 rats (D:1)
25 creatures vanquished.

Notes
Turn   | Place    | Note
-------+----------+-------------------------------------------
     0 | D:1      | holysushi the Demonspawn Conjurer began the quest for the
                  | Orb.
     0 | D:1      | Reached XP level 1. HP: 13/13 MP: 3/3
    22 | D:1      | Found a faded altar of an unknown god.
   283 | D:1      | Gained mutation: You may rarely emit foul miasma when
                  | damaged in melee. [demonic ancestry]
   283 | D:1      | Reached XP level 2. HP: 19/19 MP: 2/5
   711 | D:1      | Gained mutation: You are partially covered in sharp spines.
                  | [demonic ancestry]
   711 | D:1      | Reached XP level 3. HP: 24/24 MP: 5/7
   711 | D:1      | Quit the game

Illustrated notes

Levels and vault maps discovered:
D:1:      dpeg_arrival_long_road, layout_basic, shapermc_ecumenical_altar_venn,
          minmay_tetromino_l4

Skill      XL: |  1  2 |
---------------+-------+-----
Spellcasting   | 3 |  3.3
Dodging        | |  1.7
Stealth        | |  1.7
Conjurations   | |  4.0

Action                     || total
---------------------------++-------
  Melee: Unarmed           ||    18
   Cast: Magic Dart        ||    44
 Armour: Robe              ||     2
  Dodge: Dodged            ||    17

Table legend: (Time is in decaauts)
 A = Elapsed time spent in this place.
 B = Non-inter-level travel time spent in this place.
 C = Inter-level travel time spent in this place.
 D = Time resting spent in this place.
 E = Time spent auto-exploring this place.
 F = Levels seen in this place.
 G = Mean time per level.
                   A        B        C        D        E       F      G
               +--------+--------+--------+--------+--------+-----+--------+
         Total |    711 |    705 |      6 |    261 |    192 |   1 |  711.0 |
       Dungeon |    711 |    705 |      6 |    261 |    192 |   1 |  711.0 |
               +--------+--------+--------+--------+--------+-----+--------+

Top non-repeatable levels by time:
     D:1: 711 daAuts
